 Dungeon Crawl Stone Soup version 0.19.5 (webtiles) character file.

676 Reinor the Sneak (level 7, 0/46 HPs)
             Began as a Vampire Enchanter on Apr 15, 2017.
             Slain by a hill giant
             ... wielding a +0 giant spiked club
              (18 damage)
             ... on level 6 of the Dungeon.
             The game lasted 00:24:21 (6518 turns).

Reinor the Sneak (Vampire Enchanter)                Turns: 6518, Time: 00:24:22

Health: 0/46       AC:  7    Str:  7    XL:     7   Next: 33%
Magic:  3/12       EV: 13    Int: 18    God:
Gold:   233        SH:  0    Dex: 16    Spells: 4 memorised, 2 levels left

rFire  . . .     SeeInvis +     a - +2 dagger
rCold  + . .     Gourm    .     b - +1 robe
rNeg   + + .     Faith    .     (no shield)
rPois  +         Spirit   .     (no helmet)
rElec  .         Reflect  .     h - +0 cloak
rCorr  .         Harm     .     l - +0 pair of gloves
MR     .....                    k - +1 pair of boots
Stlth  ++++++....               (no amulet)
                                j - ring of stealth (curse)
                                (no ring)

@: regenerating slowly
A: fangs 3, see invisible, unbreathing
a: Bat Form


You were on level 6 of the Dungeon.
You were very thirsty.

You visited 1 branch of the dungeon, and saw 6 of its levels.

You collected 233 gold pieces.

Inventory:

Hand Weapons
 a - a +2 dagger (weapon)
 u - a +0 blowgun
Missiles
 m - 3 curare-tipped needles
 p - 191 stones (quivered)
Armour
 b - a +1 robe (worn)
 h - a +0 cloak (worn)
 k - a +1 pair of boots (worn)
 l - a +0 pair of gloves (worn)
Jewellery
 i - a +5 ring of strength
 j - a cursed ring of stealth (right hand)
Scrolls
 c - a scroll of remove curse
 e - a scroll of enchant weapon
 n - 2 scrolls of fog
 r - 4 scrolls of amnesia
 v - a scroll of vulnerability {unknown}
 x - a scroll of fear
 y - a scroll of holy word {unknown}
Potions
 d - 9 potions of blood
 f - 2 potions of mutation
 g - 2 potions of brilliance
 o - 3 potions of curing
 q - 3 potions of heal wounds
 s - 2 potions of magic
 w - a potion of flight
 z - a potion of ambrosia


   Skills:
 + Level 4.3 Short Blades
 - Level 2.3 Dodging
 + Level 7.8 Stealth
 + Level 3.9 Spellcasting
 + Level 7.3 Hexes


You had 2 spell levels left.
You knew the following spells:

 Your Spells              Type           Power        Failure   Level  Hunger
a - Tukima's Dance        Hex            ####....     2%          3    ###....
b - Ensorcelled Hibernat  Hex/Ice        ###...       6%          2    ##.....
c - Confuse               Hex            ####....     2%          3    ###....
d - Dazzling Spray        Conj/Hex       ###...       12%         3    ###....


Dungeon Overview and Level Annotations

Branches:
Dungeon (6/15)
 Temple: D:4-7

Altars:
Hepliaklqana
Nemelex Xobeh
Trog
Yredelemnul

Annotations:
D:6 Sigmund


Innate Abilities, Weirdness & Mutations

You heal slowly.
You have razor-sharp teeth.
You have supernaturally acute eyesight. (SInv)
You can survive without breathing.


Message History

The hill giant closely misses you.
You hit the hill giant but do no damage.
The hill giant is severely wounded.
An orc and an orc wizard come into view.
The orc wizard is wielding a dagger of protection.
The orc shouts!
You hit the hill giant.
The hill giant is almost dead.
The hill giant closely misses you.
The orc wizard moves out of view.
Sigmund the Dreaded comes into view.
He is wielding a scythe.
Casting: Confuse
Confirm with . or Enter, or press ? or * to list all spells.
Aiming: Confuse
Press: ? - help, Shift-Dir - straight line, f/p - hill giant
Aim: a hill giant, wielding a giant spiked club (almost dead, chance to defeat MR: 41%)
The hill giant resists with some effort.
Sigmund shouts!
You are feeling very thirsty.
The hill giant hits you with a giant spiked club!!
You die... .##. .. . ... oZ.

.##.####+####.@.o
..........C.o.o.. #
#......@.......
.##.##.............
......?.....#s#....
...................
##....<.#....#.# .
#......#........
#.#.......###.... #
#.......# .#.#
#........# .


You could see a hill giant, Sigmund, an orc wizard, 3 orcs, a bullfrog zombie
(wandering) and a giant cockroach.

Vanquished Creatures
  The ghost of Yarinad the Skirmisher, an amateur DsAK of Lugonu (D:3)
  An ogre (D:3)
  A water moccasin skeleton (D:5)
  A howler monkey (D:5)
  2 crimson imps (D:5)
  3 orc priests
  A hound (D:4)
  2 orc wizards (D:4)
  2 worker ants (D:5)
  3 adders
  An ooze (D:4)
  5 worms (D:2)
  13 orcs
  8 bats
  3 giant cockroaches
  11 goblins
  9 hobgoblins
  9 jackals
  A quokka (D:4)
  A ball python skeleton (D:4)
  11 frilled lizards
  2 kobolds (D:1)
  A quokka skeleton (D:4)
  8 rats
100 creatures vanquished.

Notes
Turn   | Place    | Note
-------+----------+-------------------------------------------
     0 | D:1      | Reinor the Vampire Enchanter began the quest for the Orb.
     0 | D:1      | Reached XP level 1. HP: 13/13 MP: 3/3
   536 | D:1      | Reached XP level 2. HP: 19/19 MP: 5/5
  1469 | D:1      | Learned a level 2 spell: Ensorcelled Hibernation
  1552 | D:2      | Found a bloodstained altar of Trog.
  1579 | D:2      | Reached XP level 3. HP: 24/24 MP: 1/6
  1746 | D:2      | Found a hazy altar of Hepliaklqana.
  1822 | D:2      | Reached skill level 5 in Stealth
  1824 | D:2      | Reached skill level 5 in Hexes
  2025 | D:2      | Reached XP level 4. HP: 29/30 MP: 7/7
  2319 | D:3      | Noticed Yarinad's ghost (amateur DsAK)
  2324 | D:3      | Learned a level 3 spell: Confuse
  3063 | D:3      | Noticed an ogre
  3092 | D:3      | Killed an ogre
  3092 | D:3      | Reached XP level 5. HP: 35/35 MP: 1/9
  3205 | D:3      | Found a sparkling altar of Nemelex Xobeh.
  3629 | D:3      | Found a basalt altar of Yredelemnul.
  3728 | D:3      | Killed Yarinad's ghost
  4129 | D:3      | Reached XP level 6. HP: 39/41 MP: 10/10
  4270 | D:4      | Learned a level 3 spell: Tukima's Dance
  4274 | D:4      | Learned a level 3 spell: Dazzling Spray
  4859 | D:4      | Got a jewelled spear
  4860 | D:4      | Identified the cursed +1 spear of the New World {pierce, *Noise Int+2 Dex+5} (You found it on level 4 of the Dungeon)
  5281 | D:5      | Entered Level 5 of the Dungeon
  5596 | D:5      | Reached XP level 7. HP: 24/46 MP: 12/12
  6508 | D:6      | Noticed a hill giant
  6518 | D:6      | Noticed Sigmund
  6518 | D:6      | Slain by a hill giant

Skill      XL: |  1  2  3  4  5  6 |
---------------+-------------------+-----
Short Blades   | 2 3 4 |  4.3
Stealth        | 5 6 7 |  7.8
Hexes          | 5 6 7 |  7.3
Spellcasting   | 3 |  3.9
Dodging        | |  2.3

Action                   |  1- 3 |  4- 6 |  7- 9 || total
-------------------------+-------+-------+-------++-------
Melee: Dagger            |    91 |   209 |    27 ||   327
       Bite              |     3 |    18 |       ||    21
Throw: Stone             |       |     2 |       ||     2
 Cast: Corona            |     3 |       |       ||     3
       Ensorcelled Hiber |     6 |    14 |     5 ||    25
       Confuse           |       |    11 |     3 ||    14
 Abil: End Transformatio |       |     1 |       ||     1
       Bat Form          |       |     1 |       ||     1
  Use: Potion            |     1 |     9 |     3 ||    13
       Scroll            |       |    16 |     2 ||    18
 Stab: Sleeping          |    17 |     9 |     9 ||    35
       Distracted        |     1 |     2 |       ||     3
       Confused          |       |     3 |       ||     3
Armor: Robe              |    12 |    53 |     7 ||    72
Dodge: Dodged            |    57 |   110 |    15 ||   182
